 Dungeon Crawl Stone Soup version 0.31-a0-1616-gbeaec30 (webtiles) character file.

Game seed: 11384145177327769788

1043 Dorkslayer the Ducker (level 8, 0/54 HPs)
             Began as an Octopode Fighter on Jan 10, 2024.
             Slain by an orc wizard
             ... wielding a +0 dagger
              (1 damage)
             ... on level 5 of the Dungeon.
             The game lasted 00:11:39 (4083 turns).

Dorkslayer the Ducker (Octopode Fighter)            Turns: 4083, Time: 00:11:39

Health: 0/54       AC:  1    Str: 22    XL:     8   Next: 25%
Magic:  11/12      EV: 19    Int: 10    God:
Gold:   266        SH:  6    Dex: 13    Spells: 12/12 levels left

rFire   . . .        a - +2 long sword (venom)
rCold   . . .        b - +1 buckler
rNeg    + . .        (helmet restricted)
rPois   +            (no amulet)
rElec   .            k - +6 ring of strength
rCorr   .            g - ring of wizardry
SInv    .            l - ring of positive energy
Will    .....        m - +5 ring of evasion
Stlth   ++++         s - ring of poison resistance
HPRegen 0.29/turn    (no ring)
MPRegen 0.13/turn    (no ring)
                     (no ring)

%: wizardry (x1)
@: no status effects
A: almost no armour, amphibious, 8 rings, camouflage 1, gelatinous body 1,
(nimble swimmer 1), tentacles
a: no special abilities


You were on level 5 of the Dungeon.
You visited 1 branch of the dungeon, and saw 5 of its levels.
You also visited: Sewer.

You collected 266 gold pieces.

Inventory:

Hand Weapons
 a - a +2 long sword of venom (weapon)
 d - a +2 dagger of holy wrath
Armour
 b - a +1 buckler (worn)
Jewellery
 g - a ring of wizardry (right tentacle)
 k - a +6 ring of strength (left tentacle)
 l - a ring of positive energy (on tentacle)
 m - a +5 ring of evasion (on tentacle)
 s - a ring of poison resistance (on tentacle)
Scrolls
 f - 2 scrolls of enchant armour
 h - 4 scrolls of teleportation
 p - a scroll of vulnerability {unknown}
 r - a scroll of blinking {unknown}
Potions
 c - 2 potions of curing {unknown}
 e - a potion of heal wounds {unknown}
 i - a potion of mutation {unknown}
 j - a potion of cancellation {unknown}
 n - a potion of enlightenment {unknown}
 o - a potion of magic {unknown}
 q - a potion of haste {unknown}


   Skills:
 + Level 4.2 Fighting
 + Level 5.4 Long Blades
 * Level 5.4 Dodging
 + Level 5.2 Stealth
 + Level 3.7 Shields
 * Level 2.6 Spellcasting


You had 12 spell levels left.
You didn't know any spells.
Your spell library contained the following spells:

 Spells                   Type           Power      Damage    Failure   Level
 Foxfire                  Conj/Fire      4%         2x1d4     14%         1
 Dazzling Flash           Conj/Hex       2%         N/A       38%         3
 Volatile Blastmotes      Fire/Tloc      2%         2d10      38%         3
 Plasma Beam              Fire/Air       0%         2x1d10    100%        6
 Starburst                Conj/Fire      0%         6d3       100%        6
 Maxwell's Capacitive Co  Air            0%         ∞         100%        8


Dungeon Overview and Level Annotations

Branches:
Dungeon (5/15)              Sewer (visited)
 Temple: D:4-7

Altars:
Cheibriados
Elyvilon
Kikubaaqudgha
Makhleb
Nemelex Xobeh
Vehumet


Innate Abilities, Weirdness & Mutations

You cannot wear most types of armour.
You are amphibious.
You can wear up to eight rings at the same time.
Your skin changes colour to match your surroundings (Stealth+).
Your rubbery body absorbs attacks. (AC +1, EV +1)
((You are camouflaged when in or above water. (Stealth+)))
You have tentacles for arms and can constrict up to eight enemies at once.


Message History

An orc comes into view. It is wielding a +0 war axe.
An orc priest comes into view. It is wielding a +0 club.
The orc priest shouts!
You hit the orc.
You kill the orc!
You hit the orc.
The orc is poisoned.
You grab the orc. You squeeze the orc.
You kill the orc!
Found a stone staircase leading up.
Something hits you but does no damage.
Items here: )) [[ ††.
You slash something! Your squeeze misses something.
Something closely misses you.
You miss something. The orc hits you with a +0 war axe.
You barely miss the orc priest. Your grab misses the orc priest.
You squeeze the orc priest, but do no damage.
The orc hits you with a +0 war axe.
You hear some strange, mumbled words.
Something tries to affect you, but you resist.
You block the orc priest's attack.
You slash the orc priest!
The orc priest is poisoned.
You grab the orc priest. You squeeze the orc priest.
You kill the orc priest!
You block the orc's attack. Something hits you. The orc barely misses you.
You block something's attack.
Things that are here:
a +0 club; an orc corpse The orc hits you with a +0 war axe!
You hear some strange, mumbled words.
A magic dart appears from out of thin air!
The magic dart hits you.
Items here: )) [[ ††.
You closely miss something. Your squeeze misses something.
The orc closely misses you.
You hear some strange, mumbled words.
A puff of flame appears from out of thin air!
The puff of flame hits you!
* * * LOW HITPOINT WARNING * * *
The orc hits you with a +0 war axe!
* * * LOW HITPOINT WARNING * * *
Something hits you.
You die...

#......###########.#.#..#(#
#......+ ...<#.#.#..#.#
#......# ## #..##.#.#..#.#
#......+ #..#..##.#.#..#.#
#......# #..#..##.#.####.#
#......# #.....##.#.. ..#
#####+## #.##.# ###
##+#..o)## #.....{@.#
#........+ #.###........#
#............#
#............#
#...........(#
#............#
#......####### #.######


You could see an orc.

Vanquished Creatures
  Duvessa (D:4)
  Pargi (Sewer)
  A kobold brigand (Sewer)
  A brain worm (Sewer)
  A necrophage (D:4)
  Dowan (D:4)
  2 bombardier beetles
  A hound (D:5)
  2 orc priests (D:5)
  Jessica (D:2)
  2 iguanas (D:5)
  An orc wizard (D:5)
  A sleepcap (D:4)
  A hound skeleton (D:4)
  7 gnolls
  13 adders
  A river rat (D:4)
  A dart slug (D:5)
  4 ribbon worms
  7 orcs
  6 bats
  8 endoplasms
  2 giant cockroaches
  8 goblins
  6 hobgoblins
  5 jackals (D:4)
  3 quokkas (D:1)
  11 ball pythons
  5 frilled lizards
  12 kobolds
  8 rats
124 creatures vanquished.

Notes
Turn   | Place    | Note
-------+----------+-------------------------------------------
     0 | D:1      | Dorkslayer the Octopode Fighter began the quest for the
                  | Orb.
     0 | D:1      | Reached XP level 1. HP: 16/16 MP: 1/1
    49 | D:1      | Reached XP level 2. HP: 20/21 MP: 2/2
   112 | D:1      | Reached skill level 1 in Stealth
   225 | D:1      | Found a faded altar of an unknown god.
   441 | D:1      | Reached XP level 3. HP: 26/26 MP: 3/3
  1196 | D:2      | Reached XP level 4. HP: 28/31 MP: 4/4
  1226 | D:2      | Noticed Jessica
  1228 | D:2      | Killed Jessica
  1723 | D:3      | Reached XP level 5. HP: 28/36 MP: 5/5
  2388 | D:4      | Found an ancient bone altar of Kikubaaqudgha.
  2388 | D:4      | Found a radiant altar of Vehumet.
  2413 | D:4      | Reached XP level 6. HP: 42/42 MP: 5/7
  2458 | D:4      | Found a white marble altar of Elyvilon.
  2503 | D:4      | Found a snail-covered altar of Cheibriados.
  2514 | D:4      | Reached skill level 1 in Spellcasting
  2688 | D:4      | Found a glowing drain.
  2696 | Sewer    | Entered a sewer
  2842 | Sewer    | Reached XP level 7. HP: 29/47 MP: 7/9
  2863 | Sewer    | Noticed Pargi
  3023 | Sewer    | Killed Pargi
  3251 | D:4      | Noticed Duvessa
  3251 | D:4      | Noticed Dowan
  3260 | D:4      | Killed Duvessa
  3261 | D:4      | Reached skill level 5 in Dodging
  3267 | D:4      | Killed Dowan
  3302 | D:4      | Found a burning altar of Makhleb.
  3311 | D:4      | Reached skill level 5 in Long Blades
  3312 | D:4      | Reached XP level 8. HP: 49/54 MP: 11/11
  3725 | D:5      | Entered Level 5 of the Dungeon
  3912 | D:5      | Reached skill level 5 in Stealth
  3958 | D:5      | Identified the +3 helmet of Integrity {rCorr}
  4062 | D:5      | Found a sparkling altar of Nemelex Xobeh.
  4083 | D:5      | HP: 1/54 [orc/+0 war axe (7)]
  4083 | D:5      | Slain by an orc wizard

Illustrated notes

Levels and vault maps discovered:
D:1:      minmay_arrival_plants_in_alcoves, layout_basic,
          ebering_ecumenical_altar_abandoned
D:2:      layout_loops_corners, hangedman_decor_push, uniq_jessica
D:3:      layout_basic, minmay_misc_feat_rugged
D:4:      layout_loops_cross, slow_altar_1, makhleb_blood_cavern_becter,
          mainiacjoe_overflow_divided_tiny, kennysheep_little_box,
          lightli_sewer_entry_pipes, uniq_duvessa
D:5:      layout_basic, lemuel_tele_altar, minmay_manual_monolith, uniq_sigmund

Skill      XL: |  1  2  3  4  5  6  7  8 |
---------------+-------------------------+-----
Stealth        | 1 2 3 4 5 |  5.2
Long Blades    | 3 4 5 |  5.4
Dodging        | 4 5 |  5.4
Spellcasting   | 1 2 |  2.6
Fighting       | 4 |  4.2
Shields        | |  3.7

Action                     |  1- 3 |  4- 6 |  7- 9 || total
---------------------------+-------+-------+-------++-------
  Melee: Long sword        |    62 |   134 |    68 ||   264
         Tentacles         |    10 |    27 |    16 ||    53
         Constrict         |    11 |    36 |    17 ||    64
         Punch             |       |     3 |     1 ||     4
    Use: Potion            |       |     1 |       ||     1
         Scroll            |       |     2 |     7 ||     9
   Stab: Sleeping          |    11 |    13 |     7 ||    31
         Distracted        |       |       |     1 ||     1
 Armour: Skin              |    15 |    49 |    42 ||   106
  Dodge: Dodged            |    38 |    91 |    45 ||   174
  Block: Buckler           |     9 |    23 |    25 ||    57

Table legend: (Time is in decaauts)
 A = Elapsed time spent in this place.
 B = Non-inter-level travel time spent in this place.
 C = Inter-level travel time spent in this place.
 D = Time resting spent in this place.
 E = Time spent auto-exploring this place.
 F = Levels seen in this place.
 G = Mean time per level.
                   A        B        C        D        E       F      G
               +--------+--------+--------+--------+--------+-----+--------+
         Total |   4147 |   4147 |      0 |    111 |   1817 |   6 |  691.2 |
       Dungeon |   3695 |   3695 |      0 |      0 |   1764 |   5 |  739.0 |
         Sewer |    452 |    452 |      0 |    111 |     53 |   1 |  452.0 |
               +--------+--------+--------+--------+--------+-----+--------+

Top non-repeatable levels by time:
     D:4: 967 daAuts
     D:2: 883 daAuts
     D:3: 742 daAuts
     D:1: 740 daAuts
   Sewer: 452 daAuts
     D:5: 361 daAuts
